 Dungeon Crawl Stone Soup version 0.29-a0-872-g797fff5ad1 (webtiles) character file.

Game seed: 9946832835160406308

0 cojitocojito the Trooper (level 1, 22/22 HPs)
             Began as a Meteoran Wanderer on July 19, 2022.
             Quit the game on level 1 of the Dungeon.
             The game lasted 00:01:00 (37 turns).

cojitocojito the Trooper (Meteoran Wanderer)          Turns: 37, Time: 00:01:00

Health: 22/22      AC:  2    Str: 11    XL:     1   Next: 14%
Magic:  6/6        EV: 11    Int: 16    God:
Gold:   0          SH:  0    Dex: 12    Spells: 7/8 levels left

rFire   . . .      SeeInvis .   a - +0 dagger
rCold   . . .      Faith    .   (no shield)
rNeg    . . .      Spirit   .   c - +0 robe
rPois   .          Reflect  .   (no helmet)
rElec   .          Harm     .   (no cloak)
rCorr   .          Rampage  .   (no gloves)
Will    .....                   (no boots)
Stlth   +.........              (no amulet)
HPRegen 0.07/turn               (no ring)
MPRegen 0.10/turn               (no ring)

@: glowing
A: sense surroundings 1, otherworldly, glowing, explore regen
a: no special abilities


You were on level 1 of the Dungeon.
You visited 1 branch of the dungeon, and saw 1 of its levels.

Inventory:

Hand Weapons
 a - a +0 dagger (weapon)
Armour
 c - a +0 robe (worn)
Scrolls
 b - a scroll of teleportation
 d - a scroll of fog


   Skills:
 - Level 4.3 Fighting
 + Level 0.0 Dodging
 - Level 1.0 Stealth
 - Level 4.0 Spellcasting
 * Level 1.3 Earth Magic


You had 7 spell levels left.
You knew the following spells:

 Your Spells              Type           Power      Damage    Failure   Level
a - Sandblast             Erth           14%        2d6       10%         1

Your spell library contained the following spells:

 Spells                   Type           Power      Damage    Failure   Level
 Slow                     Hex            12%        N/A       17%         1
 Passwall                 Tmut/Erth      4%         N/A       21%         2
 Stone Arrow              Conj/Erth      10%        3d7       36%         3
 Conjure Flame            Conj/Fire      3%         6-21      45%         3
 Spider Form              Tmut/Pois      3%         N/A       45%         3


Dungeon Overview and Level Annotations

Branches:
Dungeon (1/15) Zot: 562

Altars:


Innate Abilities, Weirdness & Mutations

You passively map a small area around you.
You are easily found by Zot.
You glow in the dark.
You regain HP and MP as you explore.


Message History

Welcome, cojitocojito the Meteoran Wanderer.
They say the Orb of Zot lies within this dungeon, but they say a lot of things.
Press ? for a list of commands and other information.
Found a staircase leading out of the dungeon.
You begin with the following items: a +0 dagger, a scroll of teleportation, a +0 robe, a scroll of fog; and the following spells available to memorise: Sandblast, Slow, Passwall, Stone Arrow, Conjure Flame, Spider Form.
Unknown command.
You don't know any spells.
You can't go down here!
Unknown command.
Unknown command.
You don't know any spells.
Unknown command.
Memorise Sandblast, consuming 1 spell level and leaving 7?
You start memorising the spell.
You continue memorising.
You finish memorising.
Spell assigned to 'a'.
Found an escape hatch in the floor.
Unknown command.
A rat comes into view.
Casting: Sandblast (safe; 11% risk of failure)
Confirm with . or Enter, or press ? or * to list all spells.
Aiming: Sandblast (safe; 11% risk of failure)
Press: ? - help, Shift-Dir - straight line, f - rat
Aim: a rat (78% to hit)
The blast of sand hits the rat.
You kill the rat!
Casting: Sandblast (safe; 10% risk of failure)
Confirm with . or Enter, or press ? or * to list all spells.
You can't see any susceptible monsters within range! (Use Z to cast anyway.) Unknown command.
Unknown command.
Unknown command.
Unknown command.
Unknown command.
Are you sure you want to abandon this character and quit the game? (Confirm with "yes".)

,, #.# #.#
#.# #.# #.#
#.# #.#######
*
##@......####
*
#...........#
*
##.#####.##.#
### #.# , #.#
#.# ,, ,, #.#
**
#####.######
#............
,


There were no monsters in sight!

Vanquished Creatures
  A rat (D:1)
1 creature vanquished.

Notes
Turn   | Place    | Note
-------+----------+-------------------------------------------
     0 | D:1      | cojitocojito the Meteoran Wanderer began the quest for the
                  | Orb.
     0 | D:1      | cojitocojito set off with the following items: a +0 dagger,
                  | a scroll of teleportation, a +0 robe, a scroll of fog; and
                  | the following spells available to memorise: Sandblast,
                  | Slow, Passwall, Stone Arrow, Conjure Flame, Spider Form.
     0 | D:1      | Reached XP level 1. HP: 22/22 MP: 6/6
     2 | D:1      | Learned a level 1 spell: Sandblast
    37 | D:1      | Quit the game

Illustrated notes

Levels and vault maps discovered:
D:1:      minmay_arrival_jagged, layout_loops_ring,
          hellmonk_ecumenical_altar_crossroads

Action                   || total
-------------------------++-------
 Cast: Sandblast         ||     1

Table legend: (Time is in decaauts)
 A = Elapsed time spent in this place.
 B = Non-inter-level travel time spent in this place.
 C = Inter-level travel time spent in this place.
 D = Time resting spent in this place.
 E = Time spent auto-exploring this place.
 F = Levels seen in this place.
 G = Mean time per level.
                   A        B        C        D        E       F      G
               +--------+--------+--------+--------+--------+-----+--------+
         Total |     38 |     38 |      0 |      0 |      0 |   1 |   38.0 |
       Dungeon |     38 |     38 |      0 |      0 |      0 |   1 |   38.0 |
               +--------+--------+--------+--------+--------+-----+--------+

Top non-repeatable levels by time:
     D:1: 38 daAuts
